 Dungeon Crawl Stone Soup version 0.22.1-2-g9c5b331 (webtiles) character file.

479 JustSomeDude the Chopper (level 6, -6/47 HPs)
             Began as a Demonspawn Gladiator on Dec 28, 2018.
             Was the Champion of Uskayaw.
             Mangled by an ogre
             ... wielding a +0 giant spiked club
              (18 damage)
             ... on level 4 of the Dungeon.
             The game lasted 00:14:50 (1632 turns).

JustSomeDude the Chopper (Demonspawn Gladiator)     Turns: 1632, Time: 00:14:51

Health: -6/47      AC:  9    Str: 13 (16) XL:     6   Next: 86%
Magic:  4/7        EV: 12    Int:  6 (9)  God:    Uskayaw [******]
Gold:   138        SH:  0    Dex: 12 (15) Spells: 5/5 levels left

rFire    . . .     SeeInvis .   a - +0 war axe
rCold    + . .     Gourm    .   (no shield)
rNeg     . . .     Faith    .   j - +0 ring mail
rPois    .         Spirit   .   (helmet restricted)
rElec    .         Reflect  .   q - +0 cloak
rCorr    .         Harm     .   e - +0 pair of gloves
MR       .....                  (no boots)
Stlth    +.........             (no amulet)
HPRegen  0.15/turn              (no ring)
MPRegen  0.10/turn              (no ring)

@: lethally poisoned (-6 -> -8)
A: antennae 1, yellow scales 1, cold resistance 1
a: Stomp, Line Pass, Grand Finale, Renounce Religion


You were on level 4 of the Dungeon.
You worshipped Uskayaw.
Uskayaw was noncommittal.
You were hungry.

You visited 1 branch of the dungeon, and saw 4 of its levels.

You collected 138 gold pieces.

Inventory:

Hand Weapons
 a - a +0 war axe (weapon)
 n - a +0 hunting sling
Missiles
 d - 4 throwing nets (quivered)
Armour
 b - a +0 leather armour
 c - a +0 helmet
 e - a +0 pair of gloves (worn)
 j - a +0 ring mail (worn)
 q - a +0 cloak (worn)
 t - a +0 chain mail
Jewellery
 u - a cursed ring of attention {unknown}
Scrolls
 h - 3 scrolls of identify
 p - a scroll of remove curse
 s - a scroll of teleportation {unknown}
Potions
 i - 3 potions of cancellation {unknown}
 l - 2 potions of degeneration
 m - 2 potions of might {unknown}
 o - a potion of haste {unknown}
 r - a potion of berserk rage {unknown}
 v - a potion of ambrosia {unknown}
Comestibles
 f - 5 rations


   Skills:
 + Level 3.2 Fighting
 + Level 5.3 Axes
 + Level 1.8 Throwing
 + Level 1.3 Armour
 + Level 3.7 Dodging
 + Level 1.3 Stealth
 * Level 2.6 Invocations


You had 5 spell levels left.
You didn't know any spells.
Your spell library was empty.

Dungeon Overview and Level Annotations

Branches:
Dungeon (4/15)
 Temple: D:4-7

Altars:
Nemelex Xobeh
Uskayaw


Innate Abilities, Weirdness & Mutations

You have a pair of small antennae on your head.
You are partially covered in yellow scales. (AC +2)
Your flesh is cold resistant. (rC+)


Message History

You feel somewhat more hungry.
You feel sick. The worker ant closely misses you.
It was a potion of degeneration.
There was something very wrong with that liquid.
You feel weakened.
You feel dopey.
You feel clumsy. The ogre closely misses you.
The worker ant closely misses you.
Uskayaw prepares the audience for your solo!
Uskayaw links your audience in an emotional bond!
The helpless ogre fails to defend itself.
You hit the ogre.
The ogre is moderately wounded.
The helpless worker ant fails to defend itself.
You slash the worker ant!
You kill the worker ant!
You feel sick.
The ogre is no longer paralysed.
The ogre hits you but does no damage.
You slash the ogre!
The ogre is severely wounded.
The ogre hits you with a giant spiked club!!
You die...

.. ....
#.###...#.
#.........
+.........
#.........
#......... #
####†O)......
#.#....@#####..
#......).......
+.....†).......
#...(.)).......
#......<.......
#######).......
#........
#..).....
#########


You could see an ogre.

Vanquished Creatures
  A jelly (D:3)
  4 orc priests
  A hound (D:4)
  An orc wizard (D:3)
  3 worker ants (D:4)
  An iguana (D:2)
  4 gnolls (D:3)
  5 adders
  2 oozes (D:1)
  2 dart slugs (D:2)
  11 orcs
  2 ball pythons
  8 bats
  2 giant cockroaches
  5 goblins
  6 hobgoblins
  7 jackals
  2 quokkas
  6 frilled lizards
  5 kobolds
  A quokka skeleton (D:3)
  6 rats
85 creatures vanquished.

Notes
Turn   | Place    | Note
-------+----------+-------------------------------------------
     0 | D:1      | JustSomeDude the Demonspawn Gladiator began the quest for
                  | the Orb.
     0 | D:1      | Reached XP level 1. HP: 16/16 MP: 1/1
   227 | D:1      | Gained mutation: You are partially covered in yellow
                  | scales. (AC +2) [demonic ancestry]
   227 | D:1      | Reached XP level 2. HP: 22/22 MP: 2/2
   387 | D:1      | Reached skill level 3 in Axes
   561 | D:2      | Reached XP level 3. HP: 27/27 MP: 3/3
   575 | D:2      | Found a faded altar of an unknown god.
   910 | D:2      | Reached XP level 4. HP: 23/34 MP: 4/4
   946 | D:2      | Became a worshipper of Uskayaw the Reveler
   946 | D:2      | Reached * piety under Uskayaw
   960 | D:3      | Reached skill level 4 in Axes
   960 | D:3      | Reached ** piety under Uskayaw
  1010 | D:3      | Found a sparkling altar of Nemelex Xobeh.
  1101 | D:3      | Gained mutation: Your flesh is cold resistant. (rC+)
                  | [demonic ancestry]
  1101 | D:3      | Reached XP level 5. HP: 36/40 MP: 5/5
  1131 | D:3      | Reached *** piety under Uskayaw
  1148 | D:3      | Reached skill level 1 in Invocations
  1148 | D:3      | Reached **** piety under Uskayaw
  1388 | D:3      | Gained mutation: You have a pair of small antennae on your
                  | head. [demonic ancestry]
  1388 | D:3      | Reached XP level 6. HP: 46/46 MP: 7/7
  1521 | D:4      | Reached skill level 1 in Stealth
  1533 | D:4      | Noticed an orc warrior
  1596 | D:4      | Reached skill level 1 in Armour
  1608 | D:4      | Reached skill level 5 in Axes
  1618 | D:4      | Reached ***** piety under Uskayaw
  1626 | D:4      | Reached ****** piety under Uskayaw
  1632 | D:4      | Mangled by an ogre

Skill      XL: |  1  2  3  4  5  6 |
---------------+-------------------+-----
Dodging        | 3 |  3.7
Axes           | 3 4 5 |  5.3
Invocations    | 1 2 |  2.6
Fighting       | 3 |  3.2
Stealth        | 1 |  1.3
Armour         | 1 |  1.3
Throwing       | |  1.8

Action                   |  1- 3 |  4- 6 || total
-------------------------+-------+-------++-------
Melee: War axe           |    89 |   129 ||   218
Invok: Stomp             |       |     1 ||     1
  Use: Scroll            |       |     1 ||     1
       Potion            |       |     4 ||     4
 Stab: Sleeping          |     1 |       ||     1
       Paralysed         |       |     9 ||     9
  Eat: Chunk             |       |     2 ||     2
Armor: Ring mail         |    39 |    68 ||   107
       Leather armour    |     2 |       ||     2
Dodge: Dodged            |    69 |   104 ||   173
